 Dungeon Crawl Stone Soup version 0.22.0-27-ga576289 (webtiles) character file.

708 Monsterracer the Chopper (level 7, -4/44 HPs)
             Began as a Gargoyle Abyssal Knight on Aug 21, 2018.
             Was a Believer of Lugonu.
             Killed from afar by Natasha (7 damage)
             ... with a magic dart
             ... on level 5 of the Dungeon.
             The game lasted 00:03:35 (4010 turns).

Monsterracer the Chopper (Gargoyle Abyssal Knight)  Turns: 4010, Time: 00:03:35

Health: -4/44      AC: 15    Str: 18    XL:     7   Next: 67%
Magic:  9/9        EV:  9    Int: 12    God:    Lugonu [**....]
Gold:   215        SH:  0    Dex:  9    Spells: 6/6 levels left

rFire    . . .     SeeInvis .   a - +1 hand axe
rCold    + . .     Gourm    .   (no shield)
rNeg     + + .     Faith    .   o - +2 scale mail {rC+}
rPois    ∞         Spirit   .   (no helmet)
rElec    +         Reflect  .   r - +0 cloak
rCorr    .         Harm     .   j - +0 pair of gloves
MR       .....                  (no boots)
Stlth    ..........             (no amulet)
HPRegen  0.14/turn              y - ring of positive energy
MPRegen  0.11/turn              (no ring)

@: no status effects
A: negative energy resistance 1, electricity resistance, unbreathing,
petrification resistance, rot immunity, AC +4
a: Depart the Abyss, Bend Space, Renounce Religion


You were on level 5 of the Dungeon.
You worshipped Lugonu.
Lugonu was pleased with you.
You were not hungry.

You visited 1 branch of the dungeon, and saw 5 of its levels.
You visited the Abyss 1 time.

You collected 215 gold pieces.

Inventory:

Hand Weapons
 a - a +1 hand axe (weapon)
 b - the +9 mace "Keuto" {vamp, -Tele rPois rF+++ Str+4}
   (You found it on level 4 of the Dungeon)

   It inflicts no extra harm, but heals its wielder when it wounds a living foe.
   It affects your strength (+4).
   It renders you almost immune to fire.
   It protects you from poison.
   It prevents most forms of teleportation.
Armour
 j - a +0 pair of gloves (worn)
 o - a +2 scale mail of cold resistance (worn)
 r - a +0 cloak (worn)
 s - a +0 buckler
Jewellery
 y - a ring of positive energy (left hand)
Scrolls
 e - 4 scrolls of identify {unknown}
 f - a scroll of noise {unknown}
 h - a scroll of magic mapping {unknown}
 l - 2 scrolls of remove curse {unknown}
 m - 3 scrolls of teleportation {unknown}
 q - 2 scrolls of fog {unknown}
 t - a scroll of fear {unknown}
 u - a scroll of amnesia {unknown}
 w - a scroll of immolation {unknown}
 z - a scroll of enchant armour {unknown}
Potions
 d - a potion of might {unknown}
 g - 2 potions of curing
 i - a potion of degeneration {unknown}
 k - 2 potions of lignification {unknown}
 n - a potion of flight {unknown}
 p - 2 potions of agility {unknown}
 v - a potion of heal wounds {unknown}
 x - a potion of haste {unknown}
Comestibles
 c - 6 rations


   Skills:
 + Level 4.5 Fighting
 * Level 6.6 Axes
 - Level 2.1 Armour
 - Level 0.7 Dodging
 + Level 1.1 Shields
 + Level 3.6 Invocations


You had 6 spell levels left.
You didn't know any spells.
Your spell library contained the following spells:

 Spells                   Type           Power        Failure   Level  Hunger
 Magic Dart               Conj           #...         71%         1    ##.....
 Blink                    Tloc           N/A          85%         2    ###....
 Call Imp                 Summ           #.......     85%         2    ###....
 Slow                     Hex            #.......     85%         2    ###....
 Conjure Flame            Conj/Fire      #.......     97%         3    ####...
 Mephitic Cloud           Conj/Pois/Air  #.......     97%         3    ####...


Dungeon Overview and Level Annotations

Branches:
Dungeon (5/15)
 Temple: D:4-7

Altars:
Elyvilon
Okawaru
Vehumet
The Shining One

Annotations:
D:4 Prince Ribbit
D:5 Natasha


Innate Abilities, Weirdness & Mutations

You are resistant to torment.
Your stone body is resilient. (AC +4)
You are immune to poison.
You resist negative energy. (rN+)
You are resistant to electric shocks. (rElec)
You can survive without breathing.
You are immune to petrification.
You are immune to rotting.


Message History

Found a stone staircase leading up.
Drop what? 26/52 slots (_ for help) (? for menu, Esc to quit)
You drop an iridescent mace {vamp}.
p - an iridescent mace {vamp}
There is a stone staircase leading up here.
You are feeling hungry.
You see here 14 arrows.
You see here a club.
Things that are here:
a falchion; a ring mail Done exploring.
You eat one of the 8 rations.
That ration really hit the spot!
You eat one of the 7 rations.
That ration really hit the spot!
Wield which item (- for none, * to show all)? (? for menu, Esc to quit)
You feel stronger.
You feel a dreadful hunger.
p - the +9 mace "Keuto" (weapon)
{vamp, -Tele rPois rF+++ Str+4} Adjust (i)tems, (s)pells, or (a)bilities?
Adjust which item? (? for menu, Esc to quit)
p - the +9 mace "Keuto" (weapon)
{vamp, -Tele rPois rF+++ Str+4} Adjust to which letter? (? for menu, Esc to quit)
b - the +9 mace "Keuto" (weapon)
{vamp, -Tele rPois rF+++ Str+4}
p - 2 sedimented black potions Done exploring.
Done exploring.
Really unwield
b - the +9 mace "Keuto" {vamp, -Tele rPois rF+++ Str+4}?
You feel the dreadful sensation subside.
a - a +1 hand axe (weapon)
Unknown command.
Done exploring.
Done exploring.
Done exploring.
There is a stone staircase leading down here.
You climb downwards.
A worm and Prince Ribbit come into view.
Prince Ribbit gives a loud, deep croak!
You hear an angry hiss.
Found a ring mail and 11 gold pieces.
Found a stone staircase leading down.
There is a stone staircase leading up here.
You slash Prince Ribbit!
Prince Ribbit is moderately wounded.
Natasha, Servant of Life and Death comes into view.
Prince Ribbit barely misses you.
There are monsters nearby!
You hit Prince Ribbit.
Prince Ribbit is moderately wounded.
Prince Ribbit hits you.
You completely miss Prince Ribbit.
Prince Ribbit is moderately wounded.
You hit the worm. Prince Ribbit hits you! Prince Ribbit hits you.
There are monsters nearby!
You are too injured to fight recklessly!
You take 14 damage, and have 30/44 hp.
MASSIVE DAMAGE!!
There are monsters nearby!
Prince Ribbit hits you!
* * * LOW HITPOINT WARNING * * *
The worm bites you but does no damage.
You climb upwards.
There is a stone staircase leading down here.
Unknown command.
Unknown command.
You take 11 damage, and have 19/44 hp.
MASSIVE DAMAGE!!
Unknown command.
Prince Ribbit hits you.
* * * LOW HITPOINT WARNING * * *
Prince Ribbit closely misses you.
You take 3 damage, and have 16/44 hp.
You hit Prince Ribbit.
Prince Ribbit is moderately wounded.
Prince Ribbit hits you.
* * * LOW HITPOINT WARNING * * *
You take 5 damage, and have 11/44 hp.
Okay, then.
Prince Ribbit blinks!
Prince Ribbit blinks!
Prince Ribbit hits you!
* * * LOW HITPOINT WARNING * * *
You take 7 damage, and have 5/44 hp.
Unknown command.
Prince Ribbit hits you but does no damage.
Prince Ribbit blinks!
Unknown command.
Unknown command.
Unknown command.
Unknown command.
There is a stone staircase leading down here.
Prince Ribbit hits you.
* * * LOW HITPOINT WARNING * * *
You climb downwards.
Level annotation: Natasha Natasha howls an incantation.
Natasha's front paws start to glow.
Natasha zaps a wand.
The puff of flame hits you!
It is a wand of flame (9).
There is a stone staircase leading up here.
Unknown command.
You take 5 damage, and have 2/44 hp.
Unknown command.
Unknown command.
You closely miss Natasha. Natasha casts a spell at you.
The magic dart hits you!
You die...

#.........#
#.........#
#.........###
#.$..........
##...........
#.........#..
#[........>..
#....@.......
#....h......#
#...........#
##........###
..........#
#..........#
#.........##
#.........#


You could see Natasha.

Vanquished Creatures
  Grinder (D:3)
  Sigmund (D:2)
  3 orc priests
  Crazy Yiuf (D:3)
  A gnoll shaman (D:4)
  An orc wizard (D:4)
  Natasha (D:3)
  Terence (D:2)
  A worker ant (D:4)
  3 gnolls (D:4)
  2 adders
  An adder skeleton (D:4)
  A worm (D:4)
  A leopard gecko (D:4)
  9 orcs
  5 bats
  2 giant cockroaches (D:2)
  5 goblins
  3 hobgoblins (D:2)
  A quokka (D:2)
  2 ball pythons (D:1)
  7 frilled lizards
  2 kobolds
  6 rats
61 creatures vanquished.

Notes
Turn   | Place    | Note
-------+----------+-------------------------------------------
     0 | Abyss:1  | Monsterracer the Gargoyle Abyssal Knight began the quest for the Orb.
     0 | Abyss:1  | Reached XP level 1. HP: 14/14 MP: 2/2
    43 | Abyss:1  | Found a corrupted altar of Lugonu.
    47 | D:1      | Escaped the Abyss
   124 | D:1      | Reached skill level 2 in Axes
   491 | D:1      | Reached XP level 2. HP: 19/19 MP: 3/3
  1001 | D:2      | Noticed Terence
  1019 | D:2      | Killed Terence
  1019 | D:2      | Reached skill level 3 in Axes
  1019 | D:2      | Reached XP level 3. HP: 17/23 MP: 4/4
  1503 | D:2      | Noticed Sigmund
  1517 | D:2      | Reached XP level 4. HP: 22/28 MP: 5/5
  1519 | D:2      | Killed Sigmund
  1519 | D:2      | Reached skill level 5 in Axes
  1519 | D:2      | Reached XP level 5. HP: 18/32 MP: 6/6
  1788 | D:3      | HP: 15/32 [orc priest/flail (2)]
  1789 | D:3      | Reached ** piety under Lugonu
  1789 | D:3      | HP: 1/32 [orc priest/divine providence (13)]
  1790 | D:3      | Reached XP level 6. HP: 1/37 MP: 7/7
  2259 | D:3      | Found a glowing golden altar of the Shining One.
  2313 | D:3      | Found a runed door.
  2354 | D:3      | Found a radiant altar of Vehumet.
  2435 | D:3      | Noticed Natasha
  2444 | D:3      | Killed Natasha
  2497 | D:3      | Noticed Grinder
  2500 | D:3      | Found an iron altar of Okawaru.
  2667 | D:3      | Paralysed by Grinder for 7 turns
  2676 | D:3      | Killed Grinder
  2676 | D:3      | Reached skill level 6 in Axes
  2676 | D:3      | Reached XP level 7. HP: 35/43 MP: 7/9
  2907 | D:3      | Noticed Crazy Yiuf
  2919 | D:3      | Killed Crazy Yiuf
  3071 | D:4      | Found a white marble altar of Elyvilon.
  3500 | D:4      | Reached skill level 1 in Shields
  3800 | D:4      | Got an iridescent mace
  3961 | D:4      | Identified the +9 mace "Keuto" {vamp, -Tele rPois rF+++ Str+4} (You found it on level 4 of the Dungeon)
  3976 | D:5      | Entered Level 5 of the Dungeon
  3976 | D:5      | Noticed Prince Ribbit
  3977 | D:5      | Noticed Natasha
  3980 | D:5      | HP: 19/44 [Prince Ribbit (11)]
  3990 | D:4      | HP: 5/44 [Prince Ribbit (7)]
  4008 | D:4      | HP: 2/44 [Prince Ribbit (5)]
  4010 | D:5      | Killed from afar by Natasha

Skill      XL: |  1  2  3  4  5  6  7 |
---------------+----------------------+-----
Axes           | 2 3 5 6 |  6.6
Fighting       | 4 |  4.5
Invocations    | 3 |  3.6
Shields        | 1 |  1.1
Armour         | |  2.1
Dodging        | |  0.7

Action                   |  1- 3 |  4- 6 |  7- 9 || total
-------------------------+-------+-------+-------++-------
Melee: Hand axe          |    72 |    69 |   110 ||   251
  Eat: Chunk             |     2 |     3 |     4 ||     9
       Ration            |       |       |     2 ||     2
Armor: Leather armour    |    11 |       |       ||    11
       Scale mail        |    21 |    44 |    52 ||   117
Dodge: Dodged            |    54 |    27 |    46 ||   127

Vault maps used:
D:1:      tarquinn_simple_flora_water_f, chequers_big_river
D:2:      roderic_serpentine_path, kennysheep_generic_room_13, uniq_terence,
          uniq_sigmund
D:3:      nicolae_overflow_crystal_walls, okawaru_gym_becter, tso_altar,
          uniq_natasha, uniq_grinder, uniq_crazy_yiuf_cottage
D:4:      kennysheep_mini_moat, first_ration
D:5:      uniq_menkaure, uniq_duvessa, uniq_prince_ribbit1
